 Dungeon Crawl Stone Soup version 0.31-a0-948-gf5be29c462 (webtiles) character file.

Game seed: 10132963538251465001

12679 Morbidden the Destroyer (level 11, -6/70 (81) HPs)
             Began as a Demonspawn Conjurer on Oct 21, 2023.
             Was an Elder of Cheibriados.
             Mangled by a minotaur
             ... wielding a +3 demon trident of draining
              (8 damage)
             ... in a Gauntlet.
             The game lasted 00:20:44 (11006 turns).

Morbidden the Destroyer (Demonspawn Conjurer)      Turns: 11006, Time: 00:20:45

HP:   -6/70 (81)    AC: 10    Str: 22    XL:     11   Next: 65%
MP:   30/32         EV: 13    Int: 34    God:    Cheibriados [****..]
Gold: 1920          SH:  0    Dex: 22    Spells: 19/26 levels left

rFire   + . .        b - +0 rapier (venom)
rCold   . . .        K - orb {*channel}
rNeg    . . .        p - +0 scale mail of the Game of Life {rF+ Regen+}
rPois   .            (helmet restricted)
rElec   .            W - +1 cloak of the Harvest {*Slow +Inv rCorr Str+5}
rCorr   +            (no gloves)
SInv    .            r - +0 pair of boots
Will    .....        I - amulet of regeneration
Stlth   ++           c - ring of wizardry
HPRegen 1.91/turn    l - ring of magical power
MPRegen 0.46/turn

%: no teleportation, slow self (1%), wizardry (x1), channel magic (20%)
@: heavily drained, very slow
A: horns 2, powered by death 2, magic regeneration, sense surroundings 1
a: Renounce Religion, Evoke Invisibility, Bend Time, Temporal Distortion, Slouch


You were in a Gauntlet.
You worshipped Cheibriados.
Cheibriados was greatly pleased with you.
You visited 2 branches of the dungeon, and saw 12 of its levels.
You also visited: Gauntlet.

You collected 1920 gold pieces.

Inventory:

Hand Weapons
 b - a +0 rapier of venom (weapon)
 D - a +0 scimitar
 R - a +0 scimitar
Missiles
 P - 3 throwing nets
 Q - 22 poisoned darts
Armour
 n - a +0 kite shield
 o - a +0 cloak
 p - the +0 scale mail of the Game of Life (worn) {rF+ Regen+}
   (You found it on level 3 of the Dungeon)

   rF+:       It protects you from fire.
   Regen+:    It increases your rate of health regeneration.
 r - a +0 pair of boots (worn)
 u - a +2 robe of resistance
 A - a scarf of resistance
 K - an orb of energy (worn)
 V - a +4 chain mail
 W - the +1 cloak of the Harvest (worn) {*Slow +Inv rCorr Str+5}
   (You found it in a Gauntlet)

   Str+5:     It affects your strength (+5).
   +Inv:      It lets you turn invisible.
   rCorr:     It protects you from acid and corrosion.
   *Slow:     It may slow you when you take damage.
Jewellery
 c - a ring of wizardry (left hand)
 l - a ring of magical power (right hand)
 I - an amulet of regeneration (around neck)
Talismans
 k - a flux talisman
 N - a beast talisman
Wands
 C - a wand of quicksilver (9)
 J - a wand of digging (3)
 M - a wand of roots (11)
 S - a wand of flame (9)
Scrolls
 a - 2 scrolls of poison
 d - 4 scrolls of identify
 e - a scroll of vulnerability
 f - 2 scrolls of fear
 q - a scroll of torment {unknown}
 v - 2 scrolls of noise
 w - 2 scrolls of fog
 x - 3 scrolls of teleportation
 y - 2 scrolls of immolation
 E - a scroll of enchant weapon
 O - a scroll of brand weapon
Potions
 g - 3 potions of curing
 h - 4 potions of attraction {unknown}
 i - 3 potions of haste {unknown}
 j - 3 potions of enlightenment {unknown}
 m - 4 potions of mutation
 t - 2 potions of cancellation {unknown}
 z - a potion of magic
 B - 2 potions of lignification {unknown}
 F - a potion of resistance {unknown}
 G - a potion of heal wounds {unknown}
 H - a potion of brilliance {unknown}
 T - a potion of invisibility {unknown}
Miscellaneous
 U - a lightning rod (1/4)


   Skills:
 * Level 5.8 Fighting
 * Level 4.6 Short Blades
 + Level 4.6 Armour
 * Level 5.4 Dodging
 + Level 3.6 Stealth
 + Level 0.7 Shields
 + Level 0.6 Unarmed Combat
 * Level 8.0 Spellcasting
 * Level 9.2 Conjurations
 * Level 5.0 Translocations
 * Level 5.7 Invocations
 * Level 4.3 Shapeshifting


You had 19 spell levels left.
You knew the following spells:

 Your Spells              Type           Power      Damage    Failure   Level
a - Magic Dart            Conj           100%       1d8       1%          1
b - Searing Ray           Conj           100%       2d8       1%          2
z - Iskenderun's Mystic   Conj/Tloc      58%        2d12      5%          4

Your spell library contained the following spells:

 Spells                   Type           Power      Damage    Failure   Level
 Apportation              Tloc           94%        N/A       2%          1
 Dazzling Flash           Conj/Hex       90%        N/A       4%          3
 Hailstorm                Conj/Ice       45%        3d10      4%          3
 Necrotise                Necr           52%        1d6       9%          1
 Summon Small Mammal      Summ           52%        N/A       9%          1
 Volatile Blastmotes      Fire/Tloc      60%        2d15      9%          3
 Ensorcelled Hibernation  Hex/Ice        26%        N/A       12%         2
 Passwall                 Tmut/Erth      10%        N/A       12%         2
 Scorch                   Fire           26%        2d6       12%         2
 Flame Wave               Conj/Fire      45%        2d12      12%         4
 Fulminant Prism          Conj/Hex       22%        3d12      12%         4
 Swiftness                Air            13%        N/A       21%         3
 Summon Ice Beast         Ice/Summ       13%        N/A       47%         4
 Starburst                Conj/Fire      22%        6d8       71%         6
 Simulacrum               Ice/Necr       6%         N/A       99%         6
 Summon Cactus Giant      Summ           6%         N/A       99%         6
 Maxwell's Capacitive Co  Air            6%         ∞         100%        8


Dungeon Overview and Level Annotations

Branches:
Dungeon (11/15)            Temple (1/1) D:4            Lair (0/5) D:10
    Orc (0/2) D:9         Gauntlet (1/1)

Altars:
Ashenzari
Cheibriados
Dithmenos
Fedhas
Gozag
Hepliaklqana
Kikubaaqudgha
Makhleb
Nemelex Xobeh
Okawaru
Qazlal
Ru
Sif Muna
Trog
Uskayaw
Vehumet
Wu Jian
Xom
Yredelemnul

Annotations:
D:5 1 runed translucent door Gauntlet 17 runed translucent doors, 10 transporters


Innate Abilities, Weirdness & Mutations

You have a pair of horns on your head.
You regenerate health from kills.
You regenerate magic rapidly.
You passively map a small area around you.


Message History

You erupt in a blast of force!
The mystic blast hits the minotaur.
The minotaur is lightly wounded.
The minotaur is knocked back by the mystic blast.
The minotaur slams into the metal wall!
Unknown command.
Unknown command.
Aiming: Fastroot
Press: ? - help, Shift-Dir - straight line, f/p - minotaur
Aim: a minotaur, wielding a +3 demon trident of draining, wearing +2 swamp dragon scales and quivering javelins (lightly wounded)
The roots erupt in riotous growth!
Roots grab the minotaur.
The grasping roots constrict the minotaur, but do no damage.
The minotaur struggles to escape constriction.
Unknown command.
Aiming: Thunderbolt
Press: ? - help, Shift-Dir - straight line, f/p - minotaur
Aim: a minotaur, wielding a +3 demon trident of draining, wearing +2 swamp dragon scales and quivering javelins (lightly wounded, constricted by roots)
The thunderbolt hits the minotaur!
The minotaur is moderately wounded.
The grasping roots constrict the minotaur, but do no damage.
The roots release their grip on the minotaur.
Aiming: Thunderbolt
Press: ? - help, Shift-Dir - straight line, f/p - minotaur
Aim: a minotaur, wielding a +3 demon trident of draining, wearing +2 swamp dragon scales and quivering javelins (moderately wounded)
The thunderbolt hits the minotaur!!
The minotaur is severely wounded.
The minotaur hits you from afar with a +3 demon trident of draining!!
* * * LOW HITPOINT WARNING * * *
You feel drained.
* * * LOW HITPOINT WARNING * * *
Unknown command.
Aiming: Thunderbolt
Press: ? - help, Shift-Dir - straight line, f/p - minotaur
Aim: a minotaur, wielding a +3 demon trident of draining, wearing +2 swamp dragon scales and quivering javelins (severely wounded)
The thunderbolt hits the minotaur!!
The minotaur is almost dead.
The minotaur hits you from afar with a +3 demon trident of draining!!
* * * LOW HITPOINT WARNING * * *
You feel drained.
You die...

....#©#.......#©#........###
....#.#..≈§≈..#.#.......≈#
#####.#########.##########
≈...............≈# #8
8.8.8.8.8.8.8.8.8# ##
§§..............§#
#.#.#######.#.### #. ...#.#
, #.##.#@# ......(.# *
*#'##.H#.# , #..#.# ,#. ..#
* #.8### #* * ,8


You could see a minotaur.

Vanquished Creatures
  A cacodemon (Gauntlet)
  A two-headed ogre (D:10)
  A tengu warrior (Gauntlet)
  A fire crab (Gauntlet)
  Pikel (D:6)
  An ugly thing (D:11)
  An elephant (D:10)
  A kobold demonologist (D:11)
  Jeremiah (D:7)
  A tengu conjurer (Gauntlet)
  A hornet (D:9)
  Grinder (D:4)
  A shadow (D:11)
  Eustachio (D:5)
  A basilisk (D:10)
  A vampire (D:11)
  A wyvern (D:9)
  2 fire bats (Gauntlet)
  6 steam dragons
  5 yaks (D:10)
  A neqoxec (Gauntlet)
  Menkaure (D:5)
  An acid dragon (D:10)
  2 water moccasins
  9 orc warriors
  2 black bears
  An ice beast (D:8)
  2 sky beasts (D:7)
  3 ogres
  7 centaurs
  7 kobold brigands
  2 gnoll sergeants
  Blork the orc (D:5)
  3 bullfrogs
  8 scorpions
  4 wights (D:8)
  2 electric eels (D:9)
  4 howler monkeys (D:10)
  2 hounds
  9 orc priests
  A gnoll bouda (D:4)
  An iguana (D:6)
  10 orc wizards
  2 adders
  22 gnolls
  A shadow imp (D:7)
  2 white imps (D:5)
  2 worms
  A dart slug (D:1)
  41 orcs
  5 ball pythons
  5 endoplasms
  13 giant cockroaches
  6 goblins
  5 hobgoblins
  16 jackals
  32 kobolds
  4 quokkas
  3 bats
  3 rats
  A butterfly (D:5)
277 creatures vanquished.

Notes
Turn   | Place    | Note
-------+----------+-------------------------------------------
     0 | D:1      | Morbidden the Demonspawn Conjurer began the quest for the
                  | Orb.
     0 | D:1      | Reached XP level 1. HP: 13/13 MP: 3/3
   230 | D:1      | Gained mutation: You have a pair of small horns on your
                  | head. [demonic ancestry]
   230 | D:1      | Reached XP level 2. HP: 16/20 MP: 0/5
   233 | D:1      | Learned a level 2 spell: Searing Ray
   416 | D:1      | Reached skill level 1 in Fighting
  1274 | D:2      | Gained mutation: You regenerate magic rapidly. [demonic
                  | ancestry]
  1274 | D:2      | Reached XP level 3. HP: 26/26 MP: 4/6
  1572 | D:2      | Reached skill level 5 in Conjurations
  1599 | D:2      | Reached XP level 4. HP: 32/32 MP: 1/7
  2413 | D:3      | Identified the +0 scale mail of the Game of Life {rF+
                  | Regen+}
  2755 | D:3      | Found a hide-covered altar of Uskayaw.
  2879 | D:3      | Reached XP level 5. HP: 37/37 MP: 1/9
  3336 | D:4      | Noticed Grinder
  3343 | D:4      | Paralysed by Grinder for 4 turns
  3355 | D:4      | Killed Grinder
  3356 | D:4      | Gained mutation: You have a pair of horns on your head.
                  | [demonic ancestry]
  3356 | D:4      | Reached XP level 6. HP: 28/44 MP: 1/11
  3493 | D:4      | Found a staircase to the Ecumenical Temple.
  3501 | Temple   | Entered the Ecumenical Temple
  3514 | Temple   | Became a worshipper of Cheibriados the Contemplative
  3567 | D:4      | Reached skill level 1 in Short Blades
  3567 | D:4      | Reached skill level 1 in Shapeshifting
  3762 | D:4      | You fall into a shaft and drop 2 floors!
  3775 | D:6      | Noticed Pikel
  3790 | D:6      | Killed Pikel
  3791 | D:6      | Reached skill level 1 in Armour
  3791 | D:6      | Reached skill level 6 in Conjurations
  3791 | D:6      | Reached skill level 1 in Invocations
  3791 | D:6      | Reached XP level 7. HP: 40/51 MP: 11/13
  3896 | D:5      | Entered Level 5 of the Dungeon
  3913 | D:5      | Noticed Menkaure
  3925 | D:5      | Killed Menkaure
  3926 | D:5      | Gained mutation: You regenerate a little health from kills.
                  | [demonic ancestry]
  3926 | D:5      | Reached XP level 8. HP: 24/58 MP: 15/15
  4255 | D:4      | Found a basalt altar of Yredelemnul.
  4281 | D:4      | Reached * piety under Cheibriados
  4558 | D:4      | Learned a level 4 spell: Iskenderun's Mystic Blast
  4704 | D:5      | Noticed Eustachio
  4711 | D:5      | Killed Eustachio
  4712 | D:5      | Reached skill level 5 in Spellcasting
  4768 | D:5      | Found a runed translucent door.
  4770 | D:5      | Found a runed translucent door.
  4948 | D:5      | Noticed Blork the orc
  4956 | D:5      | Killed Blork the orc
  5030 | D:5      | Reached skill level 1 in Translocations
  5652 | D:5      | Reached ** piety under Cheibriados
  5661 | D:5      | Reached XP level 9. HP: 53/65 MP: 14/17
  6071 | D:6      | Reached skill level 7 in Conjurations
  6166 | D:6      | Found an ornate altar of the Wu Jian Council.
  6822 | D:7      | Reached *** piety under Cheibriados
  6931 | D:7      | Noticed Jeremiah
  7047 | D:7      | Killed Jeremiah
  7310 | D:8      | Gained mutation: You regenerate health from kills. [demonic
                  | ancestry]
  7310 | D:8      | Reached XP level 10. HP: 72/72 MP: 19/19
  7392 | D:8      | Found a shimmering blue altar of Sif Muna.
  7513 | D:8      | Reached **** piety under Cheibriados
  7586 | D:8      | Found a burning altar of Makhleb.
  7587 | D:8      | Found an ancient bone altar of Kikubaaqudgha.
  7587 | D:8      | Found a sparkling altar of Nemelex Xobeh.
  7588 | D:8      | Found a radiant altar of Vehumet.
  8601 | D:9      | Found a staircase to the Orcish Mines.
  8608 | D:9      | Reached skill level 8 in Conjurations
  8680 | D:9      | Reached skill level 5 in Fighting
  9056 | D:10     | Entered Level 10 of the Dungeon
  9101 | D:10     | Noticed an elephant
  9144 | D:10     | Found a staircase to the Lair.
  9160 | D:10     | Killed an elephant
  9444 | D:10     | Found a hazy altar of Hepliaklqana.
  9496 | D:10     | Reached skill level 5 in Invocations
  9499 | D:10     | Reached XP level 11. HP: 80/80 MP: 16/21
  9642 | D:10     | Noticed a two-headed ogre
  9652 | D:10     | Killed a two-headed ogre
  9703 | D:10     | Found an iron altar of Okawaru.
 10124 | D:10     | Found a stormy altar of Qazlal.
 10243 | D:11     | Identified the "Ditotoug"
 10243 | D:11     | Identified the of Waduamni
 10243 | D:11     | Identified the "Belilam"
 10243 | Gauntlet | Identified the "Daif"
 10275 | D:11     | Reached ***** piety under Cheibriados
 10298 | D:11     | Noticed a purple ugly thing
 10304 | D:11     | Killed a purple ugly thing
 10305 | D:11     | Reached skill level 5 in Dodging
 10312 | D:11     | Found a gate leading to a gauntlet.
 10323 | Gauntlet | Entered a Gauntlet
 10323 | Gauntlet | Found a large runed translucent door.
 10323 | Gauntlet | Found a large runed translucent door.
 10323 | Gauntlet | Found a large runed translucent door.
 10323 | Gauntlet | Found a large runed translucent door.
 10323 | Gauntlet | Found a large runed translucent door.
 10323 | Gauntlet | Found a large runed translucent door.
 10323 | Gauntlet | Found a runed translucent door.
 10323 | Gauntlet | Found a transporter.
 10323 | Gauntlet | Found a transporter.
 10323 | Gauntlet | Found a runed translucent door.
 10323 | Gauntlet | Found a large runed translucent door.
 10323 | Gauntlet | Found a large runed translucent door.
 10323 | Gauntlet | Found a large runed translucent door.
 10323 | Gauntlet | Found a large runed translucent door.
 10323 | Gauntlet | Found a large runed translucent door.
 10323 | Gauntlet | Found a large runed translucent door.
 10362 | Gauntlet | Found a transporter.
 10362 | Gauntlet | Found a transporter.
 10363 | Gauntlet | Found a large runed translucent door.
 10363 | Gauntlet | Found a large runed translucent door.
 10363 | Gauntlet | Found a large runed translucent door.
 10363 | Gauntlet | Found a large runed translucent door.
 10365 | Gauntlet | Noticed a fire crab
 10366 | Gauntlet | Noticed an arcanist
 10367 | Gauntlet | Found a runed translucent gate.
 10367 | Gauntlet | Found a runed translucent gate.
 10367 | Gauntlet | Found a runed translucent gate.
 10378 | Gauntlet | Found a transporter.
 10382 | Gauntlet | Found a transporter.
 10382 | Gauntlet | Found a transporter.
 10382 | Gauntlet | Noticed a cacodemon
 10382 | Gauntlet | Noticed a hell hog
 10386 | Gauntlet | Found a transporter.
 10413 | Gauntlet | Found a transporter.
 10420 | Gauntlet | Found a transporter.
 10438 | Gauntlet | Found a transporter.
 10460 | Gauntlet | Found a transporter.
 10460 | Gauntlet | Noticed a tengu warrior
 10505 | Gauntlet | Found a transporter.
 10519 | Gauntlet | Found a transporter.
 10620 | Gauntlet | Found a transporter.
 10635 | Gauntlet | Found a transporter.
 10811 | Gauntlet | Killed a tengu warrior
 10857 | Gauntlet | Reached skill level 9 in Conjurations
 10865 | Gauntlet | Killed a fire crab
 10889 | Gauntlet | Identified a scroll of acquirement
 10928 | Gauntlet | Gained mutation: You passively map a small area around you.
                  | [a cacodemon]
 10936 | Gauntlet | Killed a cacodemon
 10937 | Gauntlet | Reached skill level 5 in Translocations
 10943 | Gauntlet | Identified the +1 cloak of the Harvest {*Slow +Inv rCorr
                  | Str+5}
 10952 | Gauntlet | Acquired 1227 gold pieces
 10996 | Gauntlet | Noticed a minotaur
 11006 | Gauntlet | HP: 2/73 [minotaur/+3 demon trident of draining (18)]
 11006 | Gauntlet | Mangled by a minotaur

Illustrated notes

Levels and vault maps discovered:
D:1:      evilmike_arrival_hilbert_curve, layout_basic, serial_corexii_hall,
          corexii_hall_statues_s, corexii_hall_statues_x, nicolae_wormholes
D:2:      layout_loops_cross, serial_forest, infiniplex_forest_lined_2,
          infiniplex_forest_zigzag_1, infiniplex_forest_end_3,
          infiniplex_forest_straight_2, infiniplex_forest_diagonal,
          infiniplex_forest_lined_3_way, infiniplex_forest_clump_tiny,
          infiniplex_forest_clump_diagonal
D:3:      layout_basic, mainiacjoe_overflow_alcove_1, minivault_19
D:4:      layout_basic, mainiacjoe_overflow_concentric_impassable,
          minmay_temple_entry_wispy, uniq_grinder
D:5:      lemuel_insect_pit, layout_basic, elyvilon_altar_1, uniq_menkaure,
          uniq_blork_the_orc, uniq_eustachio
D:6:      layout_basic, nicolae_wu_jian_wuxing_cycle, uniq_pikel
D:7:      layout_cave_pools, grunt_ministairs_1, uniq_jeremiah
D:8:      layout_basic, minitemple
D:9:      layout_irregular_city, erik_orc_2
D:10:     layout_loops_corners, grunt_temple_overflow_open, lemuel_round_altar,
          mainiacjoe_overflow_alcove_2, david_lair_generic
D:11:     layout_basic, gauntlet_entry_generic, nicolae_sif_muna_little_library,
          uniq_lodul
Temple:   nicolae_temple_ecumenical_triangle
Gauntlet: gammafunk_gauntlet_branching
          [minmay_gauntlet_arena_make_your_own_arena,
          gammafunk_gauntlet_arena_hedges,
          gammafunk_gauntlet_arena_split_diamond,
          gammafunk_gauntlet_arena_split_x, gammafunk_gauntlet_arena_grid,
          gammafunk_gauntlet_arena_mazey, nicolae_gauntlet_arena_quarters,
          gammafunk_gauntlet_arena_arrow_garden,
          nicolae_gauntlet_exit_dead_adventurers]

Skill      XL: |  1  2  3  4  5  6  7  8  9 10 11 |
---------------+----------------------------------+-----
Fighting       | 1 2 3 4 5 |  5.8
Conjurations   | 5 6 7 8 9 |  9.2
Dodging        | 2 3 4 5 |  5.4
Stealth        | 2 3 |  3.6
Spellcasting   | 3 4 5 6 7 8 |  8.0
Short Blades   | 1 2 3 4 |  4.6
Shapeshifting  | 1 2 3 4 |  4.3
Armour         | 1 2 3 4 |  4.6
Invocations    | 1 3 4 5 |  5.7
Translocations | 1 2 4 5 |  5.0
Shields        | |  0.7
Unarmed Combat | |  0.6

Action                     |  1- 3 |  4- 6 |  7- 9 | 10-12 || total
---------------------------+-------+-------+-------+-------++-------
  Melee: Unarmed           |    25 |       |       |       ||    25
         Headbutt          |     5 |     1 |     9 |    41 ||    56
         Short sword       |       |     6 |       |       ||     6
         Rapier            |       |       |    43 |   134 ||   177
  Throw: Dart              |       |       |     1 |     5 ||     6
   Cast: Magic Dart        |    57 |    85 |    81 |    70 ||   293
         Searing Ray       |     2 |     9 |    48 |    35 ||    94
         Iskenderun's Myst |       |       |     3 |    64 ||    67
 Invoke: Slouch            |       |       |       |     5 ||     5
  Evoke: Wand              |       |       |       |     4 ||     4
         Lightning rod     |       |       |       |     3 ||     3
    Use: Potion            |       |     1 |     1 |     4 ||     6
         Scroll            |       |       |       |    11 ||    11
 Armour: Robe              |    16 |       |       |    13 ||    29
         Scale mail        |       |    24 |   115 |   175 ||   314
  Dodge: Dodged            |    21 |     9 |    67 |   144 ||   241
  Block: Buckler           |       |       |    26 |       ||    26

Table legend: (Time is in decaauts)
 A = Elapsed time spent in this place.
 B = Non-inter-level travel time spent in this place.
 C = Inter-level travel time spent in this place.
 D = Time resting spent in this place.
 E = Time spent auto-exploring this place.
 F = Levels seen in this place.
 G = Mean time per level.
                   A        B        C        D        E       F      G
               +--------+--------+--------+--------+--------+-----+--------+
         Total |  14299 |  13509 |    790 |    375 |  10696 |  13 | 1099.9 |
       Dungeon |  13193 |  12430 |    763 |    344 |  10140 |  11 | 1199.4 |
        Temple |     30 |      3 |     27 |      0 |      0 |   1 |   30.0 |
      Gauntlet |   1076 |   1076 |      0 |     31 |    555 |   1 | 1076.0 |
               +--------+--------+--------+--------+--------+-----+--------+

Top non-repeatable levels by time:
    D:10: 1875 daAuts
     D:5: 1498 daAuts
     D:9: 1418 daAuts
     D:8: 1339 daAuts
     D:4: 1331 daAuts
     D:1: 1244 daAuts
     D:6: 1212 daAuts
     D:2: 1105 daAuts
Gauntlet: 1076 daAuts
     D:7: 1074 daAuts
     D:3: 972 daAuts
    D:11: 120 daAuts
  Temple: 30 daAuts
